 Dungeon Crawl Stone Soup version 0.28-a0-620-g539b0f7ac7 (webtiles) character file.

Game seed: 4432782638964552421

5742 ytrimaz the Cleaver (level 10, -13/94 HPs)
             Began as a Minotaur Berserker on Oct 6, 2021.
             Was an Elder of Trog.
             Mangled by a two-headed ogre (24 damage)
             ... on level 8 of the Dungeon.
             The game lasted 00:11:46 (6888 turns).

ytrimaz the Cleaver (Minotaur Berserker)            Turns: 6888, Time: 00:11:47

Health: -13/94     AC: 13    Str: 24    XL:     10   Next: 49%
Magic:  9/9        EV: 13    Int:  4    God:    Trog [****..]
Gold:   666        SH:  0    Dex: 13    Spells: 9/9 levels left

rFire   . . .      SeeInvis .   H - +5 battleaxe (freeze)
rCold   . . .      Faith    .   (shield currently unavailable)
rNeg    . . .      Spirit   .   C - +0 plate armour
rPois   .          Reflect  .   (helmet restricted)
rElec   .          Harm     .   (no cloak)
rCorr   .          Rampage  .   (no gloves)
Will    .....                   (no boots)
Stlth   ..........              g - amulet of regeneration
HPRegen 1.25/turn               q - +4 ring of evasion
MPRegen 0.11/turn               (no ring)

@: no status effects
A: horns 2, retaliatory headbutt, agile 1, deterioration 1
a: Renounce Religion, Berserk, Trog's Hand, Brothers in Arms


You were on level 8 of the Dungeon.
You worshipped Trog.
Trog was greatly pleased with you.
You visited 1 branch of the dungeon, and saw 8 of its levels.

You collected 666 gold pieces.

Inventory:

Hand Weapons
 B - a +0 war axe
 H - a +5 battleaxe of freezing (weapon)
Armour
 p - a +0 buckler
 C - a +0 plate armour (worn)
Jewellery
 g - an amulet of regeneration (around neck)
 n - an amulet of faith
 q - a +4 ring of evasion (left hand)
 z - an amulet of magic regeneration
Wands
 m - a wand of charming (4)
 D - a wand of mindburst (12)
 I - a wand of digging (3)
Scrolls
 d - 2 scrolls of fog {unknown}
 h - 3 scrolls of identify {unknown}
 k - a scroll of teleportation {unknown}
 l - 3 scrolls of magic mapping {unknown}
 o - a scroll of enchant armour {unknown}
 r - a scroll of blinking {unknown}
 w - a scroll of immolation {unknown}
 y - a scroll of amnesia {unknown}
 A - 3 scrolls of enchant weapon {unknown}
 F - a scroll of vulnerability {unknown}
 G - a scroll of brand weapon {unknown}
Potions
 a - a potion of magic {unknown}
 b - a potion of mutation
 c - 2 potions of haste {unknown}
 e - 3 potions of brilliance {unknown}
 f - a potion of heal wounds {unknown}
 i - 2 potions of might {unknown}
 j - a potion of attraction {unknown}
 s - a potion of flight {unknown}
 t - a potion of ambrosia {unknown}
 u - 2 potions of curing {unknown}
 v - a potion of lignification {unknown}
 x - a potion of berserk rage {unknown}
 E - 2 potions of invisibility {unknown}


   Skills:
 * Level 10.5 Fighting
 + Level 11.3 Axes
 + Level 8.5 Armour
 + Level 4.6 Dodging
 - Level 7.6 Shields


You had 9 spell levels left.
You didn't know any spells.
Your spell library was empty.

Dungeon Overview and Level Annotations

Branches:
Dungeon (8/15)             Temple (0/1) D:4            Lair (0/6) D:8

Altars:
Uskayaw
Xom
Beogh


Innate Abilities, Weirdness & Mutations

You have a pair of horns on your head.
You reflexively headbutt those who attack you in melee.
You are agile. (Dex +2)
Your body sometimes deteriorates upon taking damage.


Message History

You now have 666 gold pieces (gained 5).
Items here: ))) [[ ††.
Items here: )))))))))))))))))))) [[[[[[[ †††††††††.
Okay, then.
Items here: ))) [[ ††.
Things that are here:
a +0 short sword; 3 poisoned darts You open the door.
There is an open door here.
A two-headed ogre comes into view.
It is wielding a +0 giant spiked club and a +0 giant club.
A two-headed ogre is nearby!
A two-headed ogre is nearby!
The two-headed ogre closely misses you.
The two-headed ogre hits you with a +0 giant club!
You slash the two-headed ogre! You freeze the two-headed ogre.
You headbutt the two-headed ogre.
The two-headed ogre is heavily wounded.
The two-headed ogre hits you with a +0 giant spiked club!!
The two-headed ogre hits you with a +0 giant club.
You hit the two-headed ogre. You freeze the two-headed ogre.
The two-headed ogre is heavily wounded.
The two-headed ogre completely misses you.
You furiously retaliate!
You headbutt the two-headed ogre. The two-headed ogre misses you.
Your plate armour prevents you from hitting the two-headed ogre.
Your headbutt misses the two-headed ogre.
The two-headed ogre is heavily wounded.
The two-headed ogre hits you with a +0 giant spiked club!
The two-headed ogre hits you with a +0 giant club!!
* * * LOW HITPOINT WARNING * * *
It was a potion of mutation.
You feel extremely strange.
You feel yourself wasting away.
You feel agile.
The two-headed ogre hits you with a +0 giant spiked club!
* * * LOW HITPOINT WARNING * * *
The two-headed ogre misses you.
Your two-headed ogre goes berserk!
Trog will no longer gift you weapons. The two-headed ogre closely misses you.
The two-headed ogre hits you with a +0 giant club!!
You die...

#....#########.#.##.######
######.##.#.....#.............#
##.........#.#...#.#.#...##....#
...####.####.#.).).#.#...##.##.##
.#.# #...........)...#......##...
.###########.#####.....#######.##
.#.....#.....# ..#.#.........#.##
)))_...####### #O#.#....####....#
##)....# #@#.#.....[##....#
#.....# #O#.#....#.##....+
#.....# ###.#.#....#.##....#
####### #...#.#....#.##....#
#...#.#....#.......#
#...'.#.#+########## #...###.
#####...###.#.# #..............#


You could see a two-headed ogre (ally target) and a friendly two-headed ogre
(summoned, berserk).

Vanquished Creatures
  A death yak (D:8)
  Joseph (D:7)
  4 slime creatures (D:7)
  A basilisk (D:8)
  Eustachio (D:6)
  A wyvern (D:8)
  2 vampire mosquitoes (D:8)
  2 water moccasins
  4 orc warriors
  A sky beast (D:4)
  2 black bears
  5 ogres
  2 centaurs
  A kobold brigand (D:8)
  2 bullfrogs
  Blork the orc (D:5)
  3 scorpions
  4 killer bees (D:7)
  12 wights
  A howler monkey (D:4)
  A centaur zombie (D:7)
  A jelly (D:4)
  A bullfrog skeleton (D:6)
  4 orc priests
  A centaur skeleton (D:5)
  A hound (D:5)
  3 iguanas
  11 orc wizards
  Robin (D:3)
  7 gnolls
  5 adders
  2 shadow imps
  A white imp (D:6)
  2 ufetubi (D:6)
  A worm (D:2)
  30 orcs
  12 bats
  5 endoplasms
  A giant cockroach (D:1)
  10 goblins
  9 hobgoblins
  3 jackals (D:1)
  A quokka (D:3)
  4 ball pythons
  8 kobolds
  4 rats
180 creatures vanquished.

Notes
Turn   | Place    | Note
-------+----------+-------------------------------------------
     0 | D:1      | ytrimaz the Minotaur Berserker began the quest for the Orb.
     0 | D:1      | Reached XP level 1. HP: 19/19 MP: 0/0
   254 | D:1      | Reached XP level 2. HP: 16/27 MP: 1/1
   586 | D:1      | Reached skill level 4 in Axes
  1159 | D:2      | Reached XP level 3. HP: 34/34 MP: 2/2
  1587 | D:2      | Reached ** piety under Trog
  1831 | D:2      | Identified a scroll of acquirement
  1831 | D:2      | Acquired 392 gold pieces
  1924 | D:3      | Noticed an ogre
  1933 | D:3      | Killed an ogre
  1934 | D:3      | Reached skill level 5 in Fighting
  1934 | D:3      | Reached skill level 5 in Axes
  1934 | D:3      | Reached XP level 4. HP: 42/42 MP: 3/3
  1934 | D:3      | Found a faded altar of an unknown god.
  2069 | D:3      | Noticed Robin
  2075 | D:3      | Reached XP level 5. HP: 48/48 MP: 4/4
  2078 | D:3      | Killed Robin
  2658 | D:4      | Found a staircase to the Ecumenical Temple.
  3141 | D:5      | Entered Level 5 of the Dungeon
  3141 | D:5      | Noticed a sky beast
  3146 | D:5      | Noticed a centaur
  3147 | D:5      | Noticed an ogre
  3149 | D:5      | Noticed an ogre
  3154 | D:4      | Reached skill level 1 in Shields
  3154 | D:4      | Reached XP level 6. HP: 11/57 MP: 5/5
  3160 | D:4      | Killed a sky beast
  3227 | D:5      | Reached skill level 6 in Axes
  3271 | D:5      | Reached XP level 7. HP: 33/64 MP: 6/6
  3392 | D:5      | Reached skill level 5 in Armour
  3520 | D:5      | Reached *** piety under Trog
  3788 | D:5      | Found a hide-covered altar of Uskayaw.
  3803 | D:5      | Noticed Blork the orc
  3817 | D:5      | Killed Blork the orc
  3976 | D:5      | Found a shimmering altar of Xom.
  3993 | D:5      | Reached skill level 7 in Axes
  4190 | D:6      | Reached XP level 8. HP: 52/71 MP: 7/7
  4387 | D:6      | Noticed Eustachio
  4394 | D:6      | Killed Eustachio
  4714 | D:6      | Reached skill level 8 in Axes
  5060 | D:6      | Reached skill level 5 in Shields
  5347 | D:7      | Reached XP level 9. HP: 81/81 MP: 8/8
  5511 | D:7      | Reached skill level 9 in Axes
  5518 | D:7      | Reached **** piety under Trog
  5750 | D:7      | Noticed Joseph
  5767 | D:7      | Killed Joseph
  5768 | D:7      | Reached skill level 10 in Axes
  6156 | D:8      | Reached XP level 10. HP: 77/92 MP: 9/9
  6391 | D:8      | Noticed a death yak
  6392 | D:8      | Found a staircase to the Lair.
  6409 | D:8      | Killed a death yak
  6410 | D:8      | Reached skill level 10 in Fighting
  6413 | D:8      | Reached skill level 11 in Axes
  6796 | D:8      | Reached ***** piety under Trog
  6872 | D:8      | Noticed a two-headed ogre
  6887 | D:8      | Gained mutation: Your body sometimes deteriorates upon
                  | taking damage. [potion of mutation]
  6887 | D:8      | Gained mutation: You are agile. (Dex +2) [potion of
                  | mutation]
  6888 | D:8      | Mangled by a two-headed ogre

Illustrated notes

Levels and vault maps discovered:
D:1:      eino_arrival_water_cross, layout_loops_ring,
          chequers_serial_rivers_room_a
D:2:      layout_basic
D:3:      layout_basic, ebering_ecumenical_altar_mist, uniq_robin
D:4:      layout_rooms, minmay_temple_entry_sparse_star
D:5:      layout_cave_pools, mainiacjoe_overflow_two_lobes, uniq_blork_the_orc
D:6:      layout_layer_cave, st_stairs_2, minmay_a_box_with_orc_wizards_in_it,
          uniq_eustachio
D:7:      layout_cave_pods, dk_noncrumbling_3, uniq_joseph
D:8:      layout_basic, david_lair_generic, special_room [special_room_orc]

Skill      XL: |  1  2  3  4  5  6  7  8  9 10 |
---------------+-------------------------------+-----
Fighting       | 4 5 6 8 9 10 | 10.5
Axes           | 4 5 6 7 8 10 11 | 11.3
Armour         | 3 4 5 6 7 8 |  8.5
Dodging        | 3 4 |  4.6
Shields        | 1 2 3 5 6 7 |  7.6

Action                   |  1- 3 |  4- 6 |  7- 9 | 10-12 || total
-------------------------+-------+-------+-------+-------++-------
Melee: Hand axe          |    62 |    87 |   115 |       ||   264
       Headbutt          |     8 |    16 |    54 |    21 ||    99
       War axe           |       |       |   110 |    56 ||   166
       Battleaxe         |       |       |       |    46 ||    46
Invok: Berserk           |     1 |     3 |     3 |     1 ||     8
       Trog's Hand       |       |       |       |     1 ||     1
       Brothers in Arms  |       |       |       |     1 ||     1
  Use: Scroll            |     1 |       |       |       ||     1
       Potion            |       |       |       |     1 ||     1
Armor: Animal skin       |     8 |       |       |       ||     8
       Ring mail         |     8 |    36 |    30 |       ||    74
       Plate armour      |       |       |    64 |    44 ||   108
Dodge: Dodged            |    54 |    70 |   189 |    72 ||   385
Block: Buckler           |       |    12 |    60 |    11 ||    83

Table legend: (Time is in decaauts)
 A = Elapsed time spent in this place.
 B = Non-inter-level travel time spent in this place.
 C = Inter-level travel time spent in this place.
 D = Time resting spent in this place.
 E = Time spent auto-exploring this place.
 F = Levels seen in this place.
 G = Mean time per level.
                   A        B        C        D        E       F      G
               +--------+--------+--------+--------+--------+-----+--------+
         Total |   6967 |   6742 |    225 |    400 |   4798 |   8 |  870.9 |
       Dungeon |   6967 |   6742 |    225 |    400 |   4798 |   8 |  870.9 |
               +--------+--------+--------+--------+--------+-----+--------+

Top non-repeatable levels by time:
     D:6: 1126 daAuts
     D:5: 997 daAuts
     D:1: 985 daAuts
     D:2: 865 daAuts
     D:7: 828 daAuts
     D:3: 808 daAuts
     D:8: 773 daAuts
     D:4: 582 daAuts
